[Event "29th CRO-chT Junior 2020"]
[Site "Cakovec"]
[Date "2020.07.18"]
[Round "9.9"]
[White "Tomulic, Teo"]
[Black "Muha, Miljenko"]
[Result "0-1"]
[ECO "C02"]
[WhiteElo "2359"]
[BlackElo "2310"]
[Annotator "NA"]
[PlyCount "114"]
[EventDate "2020.07.14"]
[EventType "team-tourn"]
[EventCountry "CRO"]
[SourceTitle "playchess.com"]
[Source "ChessBase"]
[SourceQuality "1"]
[TimeControl "5400+30"]

1. e4 e6 2. d4 d5 3. e5 c5 4. c3 Nc6 5. Nf3 Qb6 6. Be2 cxd4 7. cxd4 Nh6 8. Bxh6 Qxb2 {[%emt 0:00:30] C02: French: Advance Variation.} 9. Nbd2 gxh6 10. O-O Qa3 {[%emt 0:14:00] [#]} 11. Re1 $146 ({Predecessor:} 11. Nb3 Qe7 12. Rc1 Bg7 13. Bb5 O-O 14. Bxc6 bxc6 15. Rxc6 Bb7 16. Rc3 Ba6 17. Re1 {1-0 (49) Nanu,C (2437)-Hrzic,I (2302) Bucharest 2002}) 11... Bd7 12. Bb5 Bb4 13. Re3 Qa5 14. Bd3 Bxd2 $1 15. Nxd2 Nxd4 16. Rh3 Rc8 17. Nf1 Rc3 18. Rc1 (18. Rxh6 $142 Qa3 19. Be2) 18... Ke7 $2 (18... Nc6 $17 19. Rxc3 Qxc3) 19. Rxc3 Qxc3 20. Qg4 Qa1 21. Rxh6 a6 22. a4 Nc6 23. Rh5 Ke8 24. Qg7 Rf8 25. g4 $2 (25. Bxh7 $17 {might work better.} Nd4 26. Bd3) 25... Qd1 ({Don't take} 25... Qxa4 26. Rxh7 {only move.} Bc8 27. Rh3 $19) 26. Rh3 Qxa4 27. Kg2 $2 Qa1 $19 28. Re3 d4 29. Re2 Nb4 30. Bc4 Bc6+ 31. f3 Bxf3+ 32. Kxf3 Qxf1+ 33. Kg3 d3 34. Rf2 Qg1+ 35. Kf3 Qc1 36. Bb3 d2 37. Qxh7 d1=Q+ 38. Bxd1 Qxd1+ 39. Kg3 Qg1+ 40. Kf3 Qh1+ 41. Kg3 Qe1 42. Kg2 Qxe5 43. Qb1 Qd4 44. h3 Ke7 45. Qh7 Nd3 46. Rf1 Nf4+ 47. Kg3 Qd3+ 48. Qxd3 Nxd3 49. h4 b5 50. h5 b4 51. h6 b3 52. g5 b2 53. h7 Rh8 54. Rxf7+ Kxf7 55. g6+ Kxg6 56. Kg2 Rxh7 57. Kg3 b1=Q 0-1

[Event "29th CRO-chT Junior 2020"]
[Site "Cakovec"]
[Date "2020.07.18"]
[Round "9.10"]
[White "Cvitan, Ena"]
[Black "Radenic, Filip"]
[Result "0-1"]
[ECO "E49"]
[WhiteElo "2258"]
[BlackElo "2134"]
[Annotator "NA"]
[PlyCount "88"]
[EventDate "2020.07.14"]
[EventType "team-tourn"]
[EventCountry "CRO"]
[SourceTitle "playchess.com"]
[Source "ChessBase"]
[SourceQuality "1"]
[TimeControl "5400+30"]

1. d4 Nf6 2. c4 e6 3. Nc3 Bb4 4. e3 O-O 5. Bd3 d5 6. a3 Bxc3+ 7. bxc3 dxc4 8. Bxc4 c5 9. Ne2 Qc7 10. Bd3 e5 {[%emt 0:02:00] 10...Nc6 is the fancy move. Played by Liren Ding in May 2020.} 11. dxe5 {[%emt 0:05:30] E49: Nimzo-Indian: Rubinstein: 5 Bd3 d5 6 a3 Bxc3+ 7 bxc3.} Qxe5 12. Qc2 Be6 13. Ng3 {[%emt 0:10:30] [#]} Re8 $146 ({Predecessor:} 13... c4 14. Be2 h5 15. O-O h4 16. f4 Qa5 17. Ne4 Nxe4 18. Qxe4 Bd5 19. Qf5 Nc6 {0-1 (52) Moura,A (2427)-Rocius,M (2497) ICCF email 2001}) 14. O-O Nbd7 15. f4 Qc7 16. c4 Nf8 17. Bb2 Ng4 18. Qc3 (18. Rae1 $16 f6 19. e4) 18... f6 19. h3 Nh6 20. Rf3 Rad8 21. Nh5 Qf7 22. Rg3 Rxd3 23. Nxf6+ Kh8 24. Qxd3 gxf6 25. Qc3 Ng8 26. e4 b6 27. Rd1 Bxc4 28. Rd6 Ng6 29. h4 $2 (29. e5 $14 {stays ahead.} b5 30. exf6 Nxf4 31. Qf3 Ne2+ {[%mdl 64] Double Attack} 32. Kh2) 29... Rxe4 30. h5 Nxf4 {[%emt 0:00:00] Discovered Attack [#]} 31. Rxg8+ $19 (31. Qxf6+ $1 Qxf6 (31... Nxf6 32. Rd8+) 32. Rxf6 Ne2+ {[%mdl 64] Double Attack} 33. Kf2) 31... Kxg8 32. Rd8+ Re8 33. Rxe8+ Qxe8 34. Qxc4+ Ne6 35. Bxf6 Qf7 36. Qg4+ Kf8 37. Qf3 Nd4 38. Qa8+ Qe8 39. Qxa7 Qe3+ 40. Kh1 Qc1+ 41. Kh2 Qf4+ 42. Kh1 Qf1+ 43. Kh2 Qxf6 44. Qxh7 Ne2 0-1

[Event "29th CRO-chT Junior 2020"]
[Site "Cakovec"]
[Date "2020.07.18"]
[Round "9.11"]
[White "Troselj, Ivan"]
[Black "Dabic, Stjepan"]
[Result "0-1"]
[ECO "B50"]
[WhiteElo "1857"]
[BlackElo "2120"]
[Annotator "ChessBase"]
[PlyCount "114"]
[EventDate "2020.07.14"]
[EventType "team-tourn"]
[EventCountry "CRO"]
[SourceTitle "playchess.com"]
[Source "ChessBase"]
[SourceQuality "1"]
[TimeControl "5400+30"]

1. e4 c5 2. Nf3 d6 3. c3 Nf6 4. h3 Bd7 5. Bd3 g6 6. Bc2 Bg7 7. O-O O-O 8. d4 Nc6 9. d5 Na5 10. Nbd2 Bb5 11. Re1 Nd7 12. a4 Ba6 13. Rb1 c4 14. Nd4 Nc5 15. Qg4 Qd7 16. Qh4 e5 17. Ne2 Nab3 18. Nf3 Nxc1 19. Rexc1 Rab8 20. Nh2 Qd8 21. Qg3 b5 22. a5 Qxa5 23. Ng4 Qd8 24. f4 Nxe4 25. Bxe4 f5 26. fxe5 dxe5 27. Nxe5 Bxe5 28. Qxe5 Re8 29. Qg3 Rxe4 30. Nd4 f4 31. Qf3 Qxd5 32. Re1 Rxe1+ 33. Rxe1 Qxf3 34. gxf3 Kf7 35. Re4 g5 36. Re5 h6 37. Rc5 Rc8 38. Rf5+ Kg6 39. Re5 Rf8 40. Re7 Rf7 41. Re6+ Rf6 42. Re7 Bc8 43. Rxa7 Bxh3 44. Rb7 h5 45. Rxb5 g4 46. Rd5 g3 47. Ne2 Be6 48. Re5 h4 49. Nxf4+ Rxf4 50. Rxe6+ Kf5 51. Rh6 Kg5 52. Rc6 Rxf3 53. Rxc4 h3 54. Rc5+ Kg4 55. Rc4+ Rf4 56. Rxf4+ Kxf4 57. b4 Kf3 0-1

[Event "29th CRO-chT Junior 2020"]
[Site "Cakovec"]
[Date "2020.07.18"]
[Round "9.12"]
[White "Purini, Bruno"]
[Black "Zekic, Patrik"]
[Result "1/2-1/2"]
[ECO "C00"]
[WhiteElo "2017"]
[BlackElo "1699"]
[Annotator "NA"]
[PlyCount "143"]
[EventDate "2020.07.14"]
[EventType "team-tourn"]
[EventCountry "CRO"]
[SourceTitle "playchess.com"]
[Source "ChessBase"]
[SourceQuality "1"]
[TimeControl "5400+30"]

1. e4 e6 2. d3 d5 3. Nd2 Nf6 4. Ngf3 c5 5. g3 b6 6. Bg2 Bb7 7. O-O Be7 8. e5 Nfd7 9. Qe2 Nc6 10. Re1 g5 {[%emt 0:24:30] C00: French: Unusual White 2nd moves.} 11. h3 Qc7 12. c4 d4 13. a3 {[%emt 0:01:30] [#]} O-O-O $146 ({Predecessor:} 13... h6 14. Rb1 O-O-O 15. Nf1 Rhg8 16. g4 Bf8 17. Ng3 Bg7 18. b4 cxb4 19. axb4 Ndxe5 {0-1 (83) Page,M (2139)-Schulz,K (2324) Dresden 2018}) 14. b4 cxb4 (14... h6 $11 {keeps the balance.}) 15. axb4 Bxb4 16. Ba3 a5 17. Bxb4 ({But not} 17. Nxg5 Bxa3 18. Rxa3 Ndxe5 $11) 17... Nxb4 18. Nxd4 Bxg2 19. Nb5 Qxe5 20. Qxe5 Nxe5 21. Rxe5 Nxd3 22. Rxg5 Nxf2 23. Kxf2 Rxd2+ 24. Ke3 Rd7 25. c5 bxc5 26. Rxc5+ Kd8 27. Rxa5 Ke7 28. h4 Bd5 29. Nc3 Rg8 30. Kf4 (30. Nxd5+ $11 exd5 31. Rxd5) 30... Bb7 31. Ne2 f6 32. Rc3 Bd5 33. Rac5 Rb8 $17 34. g4 Rb2 35. Rc2 Rxc2 36. Rxc2 e5+ 37. Kg3 Be6 38. Rc3 Rb7 39. g5 Rb3 40. Rxb3 Bxb3 41. gxf6+ Kxf6 42. Nc3 Kf5 43. Nb5 Ke4 44. Nd6+ Kd3 45. Kf2 e4 46. Nf5 Be6 47. Ne3 Kd2 48. Ng2 Bh3 49. Ne3 Be6 50. Nf1+ Kd3 51. Ne3 Kc3 52. Kg3 Kd3 53. Kf2 Bh3 54. Nd1 Be6 55. Ne3 Kd2 56. Ng2 Bh3 57. Ne3 Kd3 58. Nd1 Kd4 59. Ne3 Ke5 60. Kg3 Be6 61. Ng2 Kd4 62. Kf2 Bh3 63. Ne3 h6 64. Nd1 Kd3 65. Ne3 Kd4 66. Nd1 Ke5 67. Kg3 Bd7 68. Ne3 Be6 69. Ng2 Kd4 70. Kf2 Bh3 71. Ne3 Ke5 72. Kg3 1/2-1/2

[Event "29th CRO-chT Junior 2020"]
[Site "Cakovec"]
[Date "2020.07.18"]
[Round "9.13"]
[White "Karlovcec, David"]
[Black "Alfirevic, Duje"]
[Result "0-1"]
[ECO "D00"]
[WhiteElo "1655"]
[BlackElo "2011"]
[Annotator "NA"]
[PlyCount "88"]
[EventDate "2020.07.14"]
[EventType "team-tourn"]
[EventCountry "CRO"]
[SourceTitle "playchess.com"]
[Source "ChessBase"]
[SourceQuality "1"]
[TimeControl "5400+30"]

1. d4 d5 2. Bf4 Nf6 3. e3 c5 4. c3 Nc6 5. Bd3 Bg4 6. Qc2 {[%emt 0:05:30] D00: 1 d4 d5: Unusual lines.} e6 {[%emt 0:00:30] [#]} 7. Nd2 $146 ({Predecessor:} 7. h3 Bh5 8. Nd2 Rc8 9. Ngf3 cxd4 10. exd4 Bd6 11. Bxd6 Qxd6 12. O-O O-O 13. Rfe1 {0-1 (62) Geiger,A (1686)-Vrajitoru,V (1867) Voineasa 2010}) 7... Be7 8. Ngf3 c4 9. Be2 Bf5 10. Qc1 h6 11. O-O O-O 12. Bd1 Nh5 13. Bg3 Nxg3 14. hxg3 b5 (14... Bd3 $5 15. Re1 $8 f5 $11) 15. Bc2 Bxc2 16. Qxc2 f5 17. Ne5 Nxe5 18. dxe5 Bc5 19. Rfe1 Qc7 20. f4 Qb6 21. Kf2 a5 22. Nf3 b4 23. Nd4 Bxd4 24. exd4 a4 25. Reb1 b3 26. axb3 axb3 27. Qd1 Ra2 28. Qc1 Rfa8 29. Ke2 Qa5 30. Rxa2 bxa2 31. Ra1 Qa4 32. Kd2 Qb3 33. Qc2 Rb8 34. Kc1 Rb7 35. Qe2 g5 $19 36. Qf2 gxf4 37. gxf4 Rg7 38. g3 Kh7 39. Qh2 Rg4 40. Qh3 Qa4 41. Qh2 Qa7 42. Kd2 Qg7 43. Rxa2 Rxg3 44. Ra7 Rd3+ 0-1

[Event "29th CRO-chT Junior 2020"]
[Site "Cakovec"]
[Date "2020.07.18"]
[Round "9.14"]
[White "Dumancic, Simun"]
[Black "Stampar, Jakov"]
[Result "1-0"]
[ECO "B13"]
[WhiteElo "1896"]
[BlackElo "1465"]
[Annotator "NA"]
[PlyCount "43"]
[EventDate "2020.07.14"]
[EventType "team-tourn"]
[EventCountry "CRO"]
[SourceTitle "playchess.com"]
[Source "ChessBase"]
[SourceQuality "1"]
[TimeControl "5400+30"]

1. e4 c6 2. d4 d5 3. exd5 cxd5 4. c4 Bf5 5. Nc3 Nf6 6. Qb3 Nc6 {[%emt 0:07:30] B13: Caro-Kann: Exchange Variation and Panov-Botvinnik Attack.} 7. cxd5 Nxd4 $2 (7... Na5 $16 8. Qa4+ Bd7) 8. Qa4+ {[%emt 0:00:30] Double Attack [#]} b5 $146 ({Predecessor:} 8... Qd7 9. Qxd4 a6 10. Nf3 Rd8 11. Bc4 e6 12. Bg5 Be7 13. Rd1 Qc7 14. O-O O-O 15. Bf4 Bd6 16. Bxd6 Rxd6 17. Bb3 Rfd8 18. Qe5 Ng4 19. Qg3 {1-0 (19) Matras Clement,A (2234)-Pretell Diaz,C (1824) Ottawa 2016}) 9. Qxd4 a6 10. Bg5 Rc8 11. Bd3 Bxd3 12. Qxd3 Nd7 13. Nf3 Nc5 14. Qd4 f6 15. Be3 e5 16. dxe6 Qxd4 17. Nxd4 Nd3+ 18. Ke2 Nxb2 19. Ne4 Be7 (19... Ba3 $142 20. Nf5 O-O) 20. Rac1 Nc4 21. Nf5 Ba3 22. Rxc4 $18 1-0

[Event "29th CRO-chT Junior 2020"]
[Site "Cakovec"]
[Date "2020.07.18"]
[Round "9.15"]
[White "Vuk, Sebastijan"]
[Black "Sagovac, Kristijan"]
[Result "0-1"]
[ECO "B31"]
[WhiteElo "1382"]
[BlackElo "1839"]
[Annotator "NA RC"]
[PlyCount "52"]
[EventDate "2020.07.14"]
[EventType "team-tourn"]
[EventCountry "CRO"]
[SourceTitle "playchess.com"]
[Source "ChessBase"]
[SourceQuality "1"]
[TimeControl "5400+30"]

1. e4 c5 2. Nf3 Nc6 3. Bb5 g6 4. O-O Bg7 5. Bxc6 dxc6 6. Nc3 Nf6 7. d3 O-O 8. Be3 b6 9. Nd2 e5 10. f4 (10. Bg5 $11 {keeps the balance.}) 10... exf4 11. Bxf4 Ng4 12. Qf3 (12. Qe2 $15) 12... Bd4+ 13. Kh1 {[%emt 0:00:30] [#]} g5 $1 14. Bg3 Ne3 15. h3 Nxf1 16. Rxf1 {[%emt 0:00:30] [#]} g4 $1 17. Qf4 Kh8 ({Black should play} 17... gxh3 $17 18. gxh3 Qd7) 18. Qh6 $19 (18. e5 $15) 18... Bg7 19. Qxc6 gxh3 20. Qxa8 hxg2+ 21. Kxg2 Bh3+ 22. Kxh3 Qxa8 23. Bd6 Rg8 24. Rxf7 Qc6 25. Bf4 Qg6 26. Rf5 Bxc3 0-1

[Event "29th CRO-chT Junior 2020"]
[Site "Cakovec"]
[Date "2020.07.18"]
[Round "9.16"]
[White "Martic, Filip"]
[Black "Kristofic, Dino"]
[Result "1-0"]
[ECO "D93"]
[WhiteElo "1656"]
[BlackElo "1290"]
[Annotator "NA RC"]
[PlyCount "43"]
[EventDate "2020.07.14"]
[EventType "team-tourn"]
[EventCountry "CRO"]
[SourceTitle "playchess.com"]
[Source "ChessBase"]
[SourceQuality "1"]
[TimeControl "5400+30"]

1. d4 Nf6 2. Nf3 d5 3. c4 dxc4 4. Nc3 g6 5. Bf4 Bg7 6. e3 O-O 7. Bxc4 Bf5 8. Qb3 b6 9. Ne5 Qe8 10. O-O c6 11. a4 Bd7 12. h3 e6 13. Rad1 Qe7 14. Rfe1 Rd8 15. e4 Be8 16. d5 exd5 17. exd5 cxd5 18. Nxd5 Qc5 19. Nxf6+ Bxf6 20. Rxd8 Bxd8 21. Bxf7+ Bxf7 22. Qxf7+ 1-0

[Event "29th CRO-chT Junior 2020"]
[Site "Cakovec"]
[Date "2020.07.18"]
[Round "9.20"]
[White "Colev, Ivor"]
[Black "Kresic, Vid"]
[Result "1-0"]
[ECO "C70"]
[WhiteElo "1893"]
[BlackElo "1216"]
[Annotator "NA RC"]
[PlyCount "75"]
[EventDate "2020.07.14"]
[EventType "team-tourn"]
[EventCountry "CRO"]
[SourceTitle "playchess.com"]
[Source "ChessBase"]
[SourceQuality "1"]
[TimeControl "5400+30"]

1. e4 e5 2. Nf3 Nc6 3. Bb5 Bc5 4. c3 a6 5. Ba4 Nge7 6. d4 {[%emt 0:01:30] C70: Ruy Lopez: 3...a6 4 Ba4, Norwegian and Delayed Schliemann.} exd4 7. cxd4 Ba7 8. d5 {[%emt 0:02:00] [#]} Na5 $146 ({Predecessor:} 8... Nb8 9. d6 Ng6 10. Bb3 cxd6 11. O-O O-O 12. Ng5 h6 13. Qh5 Ne5 14. Nh3 Nbc6 15. Bg5 Qa5 16. Nc3 Nd4 17. Nd5 Ne6 18. Be7 Re8 19. Bxd6 Ng6 20. Nf6+ {1-0 (20) Sant'Ana,R (2114)-Andrade,L (2077) Rio de Janeiro 1999}) 9. Bd2 Nc4 10. Bc3 b5 11. Bc2 Bb7 (11... d6 $142) 12. b3 Nb6 (12... Nd6 $16) 13. O-O ({White should play} 13. Bxg7 $18 Rg8 14. Bb2) 13... O-O 14. Qd4 (14. a4 $16) 14... f6 15. Qd3 Ng6 (15... f5 $5) 16. h4 d6 17. Qd1 Ne5 18. Nbd2 Nbd7 19. Bd4 Qe7 20. Bxa7 Rxa7 21. Nd4 Nc5 22. b4 Ncd7 23. Ne6 Rc8 24. Nb3 c5 25. f4 c4 26. Nbd4 Ng6 27. Nf5 Qf7 28. Nxd6 Qe7 29. Nf5 Qxb4 30. h5 Ngf8 {[%emt 0:00:30] [#]} 31. Qg4 $1 g6 32. hxg6 hxg6 33. Nh4 Kf7 34. e5 (34. Rad1 $142) 34... f5 $18 {[%emt 0:00:30] [#]} (34... Bxd5 35. Nxf8 (35. Bxg6+ Nxg6 36. Rad1 Bxe6 $14) 35... Rxf8) 35. Bxf5 $1 gxf5 36. Qxf5+ (36. Qg7+ $142 Ke8 37. d6 Qc5+ 38. Nxc5 Ng6 39. Nxg6 Nxc5 40. Qe7#) 36... Ke8 37. Qh5+ Ke7 38. Nf5# 1-0

[Event "29th CRO-chT Junior 2020"]
[Site "Cakovec"]
[Date "2020.07.18"]
[Round "10.2"]
[White "Sundac, Ivano"]
[Black "Dumancic, Simun"]
[Result "1/2-1/2"]
[ECO "B25"]
[WhiteElo "1408"]
[BlackElo "1896"]
[Annotator "NA RC"]
[PlyCount "96"]
[EventDate "2020.07.14"]
[EventType "team-tourn"]
[EventCountry "CRO"]
[SourceTitle "playchess.com"]
[Source "ChessBase"]
[SourceQuality "1"]
[TimeControl "5400+30"]

1. e4 c5 2. Nc3 Nc6 3. g3 g6 4. Bg2 Bg7 5. Nge2 e6 6. O-O Nge7 7. d3 O-O 8. f4 d6 9. Be3 {[%emt 0:07:30] The main line 9.Be3 scores better than 9.g4.} Nd4 10. g4 f5 {[%emt 0:11:30] B25: Closed Sicilian: 3 g3, lines without early Be3.} 11. g5 Nec6 (11... e5 $15) 12. Ng3 e5 13. Nd5 {[%emt 0:02:30] [#]} Ne7 $146 ({Predecessor:} 13... exf4 14. Nxf4 Ne7 15. c3 Ndc6 16. exf5 Nxf5 17. Bd5+ Kh8 18. Nxg6+ hxg6 19. Qg4 Nh6 {1-0 (33) Haussernot,C (2186)-Fraser,J (1934) Hastings 2015}) 14. Bxd4 (14. Qd2 $14) 14... cxd4 15. Nxe7+ Qxe7 16. exf5 Bxf5 17. Qe2 Rae8 18. Rae1 Qd7 19. Nxf5 gxf5 20. Bd5+ Kh8 21. Qg2 exf4 22. Rxe8 Qxe8 23. Rxf4 Qe3+ {[%emt 0:01:30] Double Attack} 24. Qf2 Be5 25. Qxe3 dxe3 26. Rf3 Bxb2 27. Kf1 f4 28. h4 b6 29. a4 Kg7 30. h5 h6 31. g6 Be5 32. Bf7 {[%emt 0:00:30] [#]} Rc8 (32... d5 $1 $17 33. Bxd5 Rf5) 33. Bb3 {[%emt 0:00:30] [#]} d5 $1 34. d4 $1 Bb8 35. Ke2 Kf6 36. Kd3 Re8 37. Ke2 Rd8 38. Rf1 Kf5 39. c3 Kf6 $1 40. Rg1 Kg7 41. Rf1 Bc7 42. Kd3 Rd7 $11 43. Ke2 Kf6 44. Rg1 Kg7 45. Rf1 Bb8 46. Kd3 a5 $16 47. Ke2 Bc7 48. Kd3 Bb8 1/2-1/2

[Event "29th CRO-chT Junior 2020"]
[Site "Cakovec"]
[Date "2020.07.18"]
[Round "10.3"]
[White "Sagovac, Kristijan"]
[Black "Tomljanovic, Ivano"]
[Result "1-0"]
[ECO "C53"]
[WhiteElo "1839"]
[BlackElo "1393"]
[Annotator "NA RC"]
[PlyCount "43"]
[EventDate "2020.07.14"]
[EventType "team-tourn"]
[EventCountry "CRO"]
[SourceTitle "playchess.com"]
[Source "ChessBase"]
[SourceQuality "1"]
[TimeControl "5400+30"]

1. e4 e5 2. Nf3 Nc6 3. Bc4 Bc5 4. c3 d6 5. b4 Bb6 6. a4 a6 7. Qb3 {[%emt 0:00:30] C53: Giuoco Piano sidelines.} Qe7 8. d3 h6 9. Be3 Bxe3 10. fxe3 Nf6 11. O-O O-O 12. Nh4 {[%emt 0:01:30] [#]} Ng4 $146 ({Predecessor:} 12... Be6 13. Nf5 Bxf5 14. Rxf5 Ng4 15. Rf3 Qh4 16. h3 Qe1+ 17. Rf1 Qxe3+ 18. Kh1 Nf2+ 19. Kh2 Nxd3 20. Rf3 Qxe4 {½-½ (20) Sevenyuk,A (1839)-Biller,H (2035) Bled 2018}) 13. Ng6 Qg5 14. Bxf7+ Rxf7 15. Qxf7+ Kh7 16. Nf8+ Kh8 17. Rf3 Nxe3 18. Rg3 Ng4 19. Na3 Qf6 20. Qe8 Qf2+ 21. Kh1 $18 Qb6 22. Nd7+ (22. Ne6+ $142 Kh7 23. Rxg4 Qg1+ 24. Rxg1 Bxe6 25. Qg6+ {[%mdl 64] Double Attack} Kh8 26. Qxg7#) 1-0

[Event "29th CRO-chT Junior 2020"]
[Site "Cakovec"]
[Date "2020.07.18"]
[Round "10.11"]
[White "Mandaric, Fran"]
[Black "Troselj, Ivan"]
[Result "0-1"]
[ECO "D30"]
[WhiteElo "1671"]
[BlackElo "1857"]
[Annotator "NA RC"]
[PlyCount "114"]
[EventDate "2020.07.14"]
[EventType "team-tourn"]
[EventCountry "CRO"]
[SourceTitle "playchess.com"]
[Source "ChessBase"]
[SourceQuality "1"]
[TimeControl "5400+30"]

1. e4 c6 2. d4 d5 3. Nc3 e6 4. Nf3 Nf6 5. Bd3 dxe4 6. Nxe4 Nbd7 7. O-O Be7 8. c4 O-O 9. b3 {[%emt 0:00:30] D30: Queen's Gambit Declined: Systems without Nc3.} b6 10. Bb2 Bb7 {[%emt 0:01:30] [#]} 11. Ne5 $146 ({Predecessor:} 11. Qe2 c5 12. Rad1 Qc7 13. dxc5 bxc5 14. Ng3 a5 15. Bb1 Rfe8 16. Ne5 Nxe5 17. Bxe5 Qc6 18. f3 {1-0 (70) Berend,E (2326)-Perez Rodriguez,L (2324) chess.com INT 2020}) 11... c5 12. Nxd7 Qxd7 13. d5 $1 Nxe4 14. Bxe4 f5 15. Bf3 exd5 16. Bxd5+ Bxd5 17. Qxd5+ Qxd5 18. cxd5 Rad8 19. Rad1 Rd7 20. f4 (20. Rd3 $11 {keeps the balance.}) 20... Rfd8 21. Rfe1 Kf7 22. Re2 g6 (22... Rxd5 $17 23. Rxd5 Rxd5) 23. Red2 $1 Bf6 24. Be5 Re8 25. Re2 Red8 26. d6 Be7 27. Rde1 (27. Red2 $11 Bf8 28. h3) 27... Bf8 28. a4 a5 ({Reject} 28... Bxd6 $6 29. Bxd6 Rxd6 30. Re7+ Kf6 31. Rxa7 $11) 29. g3 h5 30. Kg2 Bxd6 31. Bxd6 Rxd6 32. Re7+ Kf6 33. Ra7 (33. Rb7 $15) 33... Re6 34. Rxe6+ Kxe6 35. Rg7 Kf6 36. Rb7 Rd6 37. Kh3 Ke6 38. Kh4 Kd5 39. Kg5 Kd4 40. Rg7 Kc3 41. Rxg6 Rxg6+ 42. Kxg6 Kxb3 43. Kxf5 c4 44. Kg6 c3 45. f5 c2 46. f6 c1=Q 47. f7 Qc5 48. Kg7 Qg5+ 49. Kh8 Qh6+ 50. Kg8 Qg6+ 51. Kf8 Kc4 52. Ke7 Qg7 53. h3 Kd5 54. g4 Qe5+ 55. Kf8 Ke6 56. Kg8 Qg5+ {[%emt 0:00:30] Double Attack} 57. Kf8 Qg6 0-1

[Event "29th CRO-chT Junior 2020"]
[Site "Cakovec"]
[Date "2020.07.18"]
[Round "10.15"]
[White "Borzan, Matej"]
[Black "Mijic, Karlo"]
[Result "1-0"]
[ECO "E32"]
[WhiteElo "1746"]
[BlackElo "1729"]
[Annotator "NA RC"]
[PlyCount "99"]
[EventDate "2020.07.14"]
[EventType "team-tourn"]
[EventCountry "CRO"]
[SourceTitle "playchess.com"]
[Source "ChessBase"]
[SourceQuality "1"]
[TimeControl "5400+30"]

1. d4 Nf6 2. c4 e6 3. Nc3 Bb4 4. Qc2 O-O 5. a3 Bxc3+ 6. bxc3 d5 7. Bg5 c6 8. e3 b6 9. cxd5 cxd5 10. Bd3 h6 11. Bh4 Ba6 12. Nf3 Bxd3 13. Qxd3 Nbd7 14. O-O Qc7 15. Rac1 Rfc8 16. Nd2 Qd6 17. c4 e5 18. Bg3 e4 19. Qb3 Qe6 20. cxd5 Nxd5 21. Rc2 Rxc2 22. Qxc2 N7f6 23. Rc1 Qd7 24. Nxe4 Nxe4 25. Qxe4 Rc8 26. Rc2 Nc3 27. Qd3 Qa4 28. h3 Qxa3 29. d5 b5 30. d6 b4 31. Be5 Qa1+ 32. Kh2 Qa5 33. Bd4 Qd5 34. Qa6 Rc6 35. Qxa7 Qxd6+ 36. g3 Ra6 37. Qb7 Qg6 38. Rb2 Na2 39. Bc5 Qf6 40. Bd4 Qd6 41. Qe4 Qe6 42. Qb7 Ra3 43. h4 b3 44. Qb8+ Kh7 45. Qf8 f6 46. Qxa3 Nc1 47. Qa1 Nd3 48. Qb1 Qf5 49. Rd2 b2 50. Bxb2 1-0

[Event "29th CRO-chT Junior 2020"]
[Site "Cakovec"]
[Date "2020.07.18"]
[Round "10.16"]
[White "Jaksic, Josip"]
[Black "Dankos, Mislav"]
[Result "1-0"]
[ECO "C44"]
[WhiteElo "1616"]
[BlackElo "1274"]
[Annotator "NA RC"]
[PlyCount "63"]
[EventDate "2020.07.14"]
[EventType "team-tourn"]
[EventCountry "CRO"]
[SourceTitle "playchess.com"]
[Source "ChessBase"]
[SourceQuality "1"]
[TimeControl "5400+30"]

1. e4 e5 2. Nf3 Nc6 3. d4 exd4 4. Bc4 Bb4+ 5. c3 dxc3 6. bxc3 Be7 7. Qd5 Nh6 8. Bxh6 O-O 9. Be3 d6 10. Nbd2 Bf6 11. Rc1 Re8 12. Qxf7+ Kh8 13. Qh5 Ne5 14. Nxe5 Rxe5 15. Qe2 Qe8 16. Bf4 Rh5 17. Qf3 b5 18. Be2 Rc5 19. Nb3 Rxc3 20. Rxc3 Bg4 21. Qxg4 Bxc3+ 22. Bd2 Qe5 23. O-O Bxd2 24. Nxd2 Re8 25. Qh5 Qe6 26. Bxb5 Rb8 27. Bc4 Qf6 28. Nf3 Qc3 29. Ng5 h6 30. Nf7+ Kh7 31. Qf5+ g6 32. Qd7 1-0

[Event "29th CRO-chT Junior 2020"]
[Site "Cakovec"]
[Date "2020.07.19"]
[Round "11"]
[White "Cvitan, Ena"]
[Black "Sundac, Ivano"]
[Result "1-0"]
[ECO "D35"]
[WhiteElo "2258"]
[BlackElo "1408"]
[Annotator "NA RC"]
[PlyCount "75"]
[EventDate "2020.??.??"]
[EventCountry "CRO"]
[SourceTitle "playchess.com"]
[Source "ChessBase"]
[SourceQuality "1"]
[TimeControl "5400+30"]

1. d4 d5 2. c4 e6 3. Nc3 Nf6 4. cxd5 exd5 5. Bg5 Be7 6. e3 c6 7. Bd3 O-O 8. f3 {D35: Queen's Gambit Declined: Exchange Variation.} h6 9. Bh4 Nbd7 10. Nge2 Re8 11. O-O Nf8 12. Qd2 {[#]} b6 $146 ({Predecessor:} 12... Ng6 13. Bf2 Bd6 14. h3 Qc7 15. Rae1 Nh5 16. e4 Nhf4 17. e5 Bb4 18. Nxf4 Nxf4 19. Qxf4 {1-0 (38) Serrer,D (1790)-Ellert,O (1620) Playchess.com INT 2020}) 13. Rac1 Bb7 14. Bf2 Rc8 15. Kh1 c5 16. Bf5 Ne6 17. Nf4 Bd6 18. Bg3 Rb8 19. Bxe6 fxe6 20. Nb5 Ba6 (20... Rc8 $14) 21. Nxd6 Qxd6 22. Nd3 Qe7 $18 23. Bxb8 Rxb8 24. Rfe1 c4 25. Ne5 Qe8 26. b3 b5 27. Qa5 Rb6 28. Rb1 Qb8 29. Rec1 Kh7 30. Kg1 Qf8 31. bxc4 dxc4 32. Nxc4 bxc4 33. Rxb6 axb6 34. Qxa6 Nd5 35. Qxc4 Qa3 36. Re1 Qa5 37. Rd1 b5 38. Qd3+ 1-0

[Event "29th CRO-chT Junior 2020"]
[Site "Cakovec"]
[Date "2020.07.19"]
[Round "11"]
[White "Troselj, Ivan"]
[Black "Borzan, Matej"]
[Result "1-0"]
[ECO "B08"]
[WhiteElo "1857"]
[BlackElo "1746"]
[Annotator "NA RC"]
[PlyCount "81"]
[EventDate "2020.??.??"]
[EventCountry "CRO"]
[SourceTitle "playchess.com"]
[Source "ChessBase"]
[SourceQuality "1"]
[TimeControl "5400+30"]

1. e4 d6 2. d4 Nf6 3. Nc3 g6 4. Nf3 Bg7 5. Be3 O-O 6. Be2 Nbd7 7. O-O e5 8. dxe5 Nxe5 9. Nxe5 dxe5 10. Qxd8 Rxd8 11. Rad1 {B08: Pirc Defence: Classical System.} Be6 12. f3 {[#]} h6 $146 ({Predecessor:} 12... a6 13. Na4 Bf8 14. Nc5 Bxc5 15. Bxc5 Nd7 16. Be3 Nb6 17. Bg5 Rxd1 18. Rxd1 Na4 {0-1 (63) Fox,J (1579)-Gehring,S (1709) Dortmund 2005}) 13. Nb5 Rd7 14. Rxd7 Bxd7 15. Rd1 Bxb5 16. Bxb5 a6 17. Ba4 b6 18. Bc6 Rb8 19. c4 Bf8 20. a3 a5 21. Kf1 g5 22. Ke2 $14 Bd6 23. Rd3 Kf8 24. Rb3 Rd8 25. c5 bxc5 26. Rb5 Ke7 27. Rxa5 Rb8 28. Rb5 Rxb5 29. Bxb5 Kd8 30. Kd3 Nd7 31. a4 Kc8 32. a5 c6 33. Bxc6 Nb8 34. Bb5 Kb7 35. Kc4 Bc7 36. Bxc5 Bxa5 37. g4 Bd2 38. Bf8 Bf4 39. h3 Nc6 40. Bxc6+ Kxc6 41. Bxh6 1-0

[Event "29th CRO-chT Junior 2020"]
[Site "Cakovec"]
[Date "2020.07.19"]
[Round "11"]
[White "Haidinger, Erik"]
[Black "Muha, Miljenko"]
[Result "0-1"]
[ECO "A47"]
[WhiteElo "1767"]
[BlackElo "2310"]
[Annotator "RC"]
[PlyCount "62"]
[EventDate "2020.??.??"]
[EventCountry "CRO"]
[SourceTitle "playchess.com"]
[Source "ChessBase"]
[SourceQuality "1"]
[TimeControl "5400+30"]

1. d4 Nf6 2. Bf4 b6 3. e3 Bb7 4. Nf3 e6 5. Bd3 Be7 6. Nbd2 Nh5 7. Bg3 d6 8. Qe2 h6 9. c3 a6 10. e4 Nd7 11. Rc1 c5 12. a4 O-O 13. O-O Nxg3 14. hxg3 Re8 15. e5 cxd4 16. cxd4 dxe5 17. Nxe5 Nxe5 18. dxe5 Qd7 19. Nc4 Rad8 20. Rfd1 Qxa4 21. Nxb6 Qb4 22. Nc4 Kf8 23. f4 Rd4 24. f5 Bg5 25. fxe6 Rxe6 26. Bf5 Qc5 27. Kh2 Bxc1 28. Bxe6 Bg5 29. Qf2 Rh4+ 30. gxh4 Qxf2 31. hxg5 Qxg2# 0-1